 Seeded DCSS version 0.29-a0-321-gf1c400731a (webtiles) character file.

Game seed: 16968757970846383692 (custom seed)

617 Hubjo the Skirmisher (level 7, -2/55 HPs)
             Began as a Demonspawn Monk on Apr 4, 2022.
             Was a Priest of Vehumet.
             Killed by an exploding scorpion (5 damage)
             ... ignited by their inner flame
             ... on level 4 of the Dungeon.
             The game lasted 00:08:15 (4052 turns).

Hubjo the Skirmisher (Demonspawn Monk)              Turns: 4052, Time: 00:08:16

Health: -2/55      AC: 10    Str: 12    XL:     7   Next: 21%
Magic:  2/2        EV: 15    Int: 11    God:    Vehumet [***...]
Gold:   1805       SH:  0    Dex: 26    Spells: 6/6 levels left

rFire   . . .      SeeInvis .   v - +3 dagger (antimagic)
rCold   + + .      Faith    .   (no shield)
rNeg    . . .      Spirit   .   p - +5 leather armour of Card Tricks {rC++ Dex+3 Stlth+}
rPois   .          Reflect  .   (no helmet)
rElec   .          Harm     .   (no cloak)
rCorr   .          Rampage  .   (no gloves)
Will    .....                   (no boots)
Stlth   ++++......              (no amulet)
HPRegen 2.18/turn               u - +6 ring of dexterity
MPRegen 0.08/turn               (no ring)

@: no status effects
A: slimy green scales 1, powered by death 2, demonic magic 1
a: Renounce Religion


You were on level 4 of the Dungeon.
You worshipped Vehumet.
Vehumet was most pleased with you.
You visited 1 branch of the dungeon, and saw 4 of its levels.

You collected 1805 gold pieces.

Inventory:

Hand Weapons
 a - a +0 short sword
 i - a +1 dagger of pain
 v - a +3 antimagic dagger (weapon)
Missiles
 o - 24 poisoned darts (quivered)
Armour
 b - a +0 robe
 p - the +5 leather armour of Card Tricks (worn) {rC++ Dex+3 Stlth+}
   (You found it on level 2 of the Dungeon)

   Dex:       It affects your dexterity (+3).
   rC:        It greatly protects you from cold.
   Stlth:     It makes you more stealthy.
Jewellery
 u - a +6 ring of dexterity (left hand)
Scrolls
 e - a scroll of silence
 f - 2 scrolls of magic mapping
 g - 2 scrolls of blinking
 l - a scroll of identify
 n - a scroll of immolation
 q - 2 scrolls of enchant armour
Potions
 c - a potion of ambrosia
 d - a potion of mutation {unknown}
 h - a potion of haste {unknown}
 j - a potion of cancellation {unknown}
 k - a potion of brilliance {unknown}
 t - 2 potions of curing {unknown}
 w - a potion of lignification {unknown}


   Skills:
 + Level 4.8 Fighting
 + Level 4.4 Short Blades
 + Level 4.4 Dodging
 + Level 4.2 Stealth


You had 6 spell levels left.
You didn't know any spells.
Your spell library was empty.

Dungeon Overview and Level Annotations

Branches:
Dungeon (4/15)
 Temple: D:4-7

Altars:
Cheibriados
Dithmenos
Vehumet


Innate Abilities, Weirdness & Mutations

You are partially covered in slimy green scales. (AC +2)
You regenerate health from kills.
Spells you cast may paralyse adjacent enemies.


Message History

The scorpion stings you.
You hit the scorpion.
The scorpion is moderately wounded.
The scorpion stings you but does no damage.
The orc closely misses you.
You closely miss the orc priest.
The orc priest is heavily wounded.
The scorpion barely misses you.
The orc hits you from afar with a +0 trident.
The orc hits you but does no damage. The orc priest closely misses you.
You hit the orc priest.
The orc priest is severely wounded.
The scorpion barely misses you.
The orc priest hits you but does no damage.
The orc wizard hits you but does no damage.
The orc hits you from afar with a +0 trident.
The orc closely misses you.
You don't know any spells.
Okay, then.
As you read the scroll of immolation, it crumbles to dust.
The creatures around you are filled with an inner flame!
The scorpion stings you but does no damage.
The orc wizard casts a spell at you. The puff of flame hits you.
The orc closely misses you. The orc barely misses you.
You puncture the orc priest! Vehumet accepts your kill.
The orc priest explodes!
The fiery explosion engulfs the orc!!
Vehumet accepts your kill. The fiery explosion engulfs you!!
Ouch! That really hurt!
* * * LOW HITPOINT WARNING * * *
The fiery explosion engulfs the scorpion!
Vehumet accepts your kill.
The scorpion explodes!
The fiery explosion engulfs the orc!!
Vehumet accepts your kill. The fiery explosion engulfs you.
You die...

...........#
........................
........#...............
.######.................
.# #............... .#
##.............# .#
#..........o...# .#
#.#..#....§o...#
.######.#..#...§@§...+
..........>....§§§§..+
.######.##.#...§§§...+
.# #.##...##.######
.######.##.#.##.#
....)........##.#
##########.###### ###


You could see an orc wizard (inner flame) and an orc (inner flame).

Vanquished Creatures
  An ogre (D:4)
  4 scorpions (D:4)
  An iron imp (D:4)
  An orc priest (D:4)
  A hound (D:3)
  A jelly (D:4)
  An orc wizard (D:3)
  Natasha (thrice) (D:2)
  3 gnolls (D:3)
  6 adders
  A worm (D:4)
  3 dart slugs
  6 orcs
  7 endoplasms
  3 giant cockroaches
  11 goblins
  7 hobgoblins
  7 kobolds
  3 quokkas
  5 ball pythons
  4 bats
  4 frilled lizards
  8 rats
91 creatures vanquished.

Notes
Turn   | Place    | Note
-------+----------+-------------------------------------------
     0 | D:1      | Hubjo the Demonspawn Monk began the quest for the Orb.
     0 | D:1      | Reached XP level 1. HP: 18/18 MP: 1/1
   170 | D:1      | Gained mutation: You regenerate a little health from kills.
                  | [demonic ancestry]
   170 | D:1      | Reached XP level 2. HP: 8/24 MP: 2/2
   926 | D:1      | Gained mutation: You regenerate health from kills. [demonic
                  | ancestry]
   926 | D:1      | Reached XP level 3. HP: 28/29 MP: 3/3
  1350 | D:2      | Identified the +5 leather armour of Card Tricks {rC++ Dex+3
                  | Stlth+}
  1405 | D:2      | Noticed Natasha
  1431 | D:2      | Killed Natasha
  1653 | D:2      | Noticed Natasha
  1655 | D:2      | Gained mutation: Spells you cast may paralyse adjacent
                  | enemies. [demonic ancestry]
  1655 | D:2      | Reached XP level 4. HP: 35/35 MP: 4/4
  1686 | D:2      | Killed Natasha
  1756 | D:2      | Found a faded altar of an unknown god.
  1787 | D:2      | Prayed at the altar of an unknown god.
  1787 | D:2      | Became a worshipper of Vehumet
  1787 | D:2      | Reached * piety under Vehumet
  1787 | D:2      | Offered knowledge of Foxfire by Vehumet.
  1787 | D:2      | Reached ** piety under Vehumet
  2132 | D:2      | Noticed Natasha
  2134 | D:2      | Killed Natasha
  2134 | D:2      | Offered knowledge of Scorch by Vehumet.
  2264 | D:2      | Reached XP level 5. HP: 41/42 MP: 5/5
  2391 | D:3      | Offered knowledge of Stone Arrow by Vehumet.
  2411 | D:3      | Reached *** piety under Vehumet
  2940 | D:3      | Offered knowledge of Fulminant Prism by Vehumet.
  2941 | D:3      | Reached XP level 6. HP: 28/48 MP: 1/6
  3292 | D:3      | Identified 2 scrolls of acquirement
  3292 | D:3      | Acquired 626 gold pieces
  3293 | D:3      | Acquired 986 gold pieces
  3947 | D:4      | Found a snail-covered altar of Cheibriados.
  3971 | D:4      | Found a shadowy altar of Dithmenos.
  3989 | D:4      | Gained mutation: You are partially covered in slimy green
                  | scales. (AC +2) [demonic ancestry]
  3989 | D:4      | Reached XP level 7. HP: 55/55 MP: 2/7
  4052 | D:4      | Killed by an exploding scorpion... ignited by their inner
                  | flame

Illustrated notes

Levels and vault maps discovered:
D:1:      lemuel_arrival_rhombus, layout_loops_ring,
          hangedman_decor_clover_reticule
D:2:      kennysheep_six_static_rooms, layout_loops_ring,
          shapermc_ecumenical_altar_venn, uniq_natasha
D:3:      layout_basic
D:4:      layout_basic, mainiacjoe_overflow_boulevard,
          mainiacjoe_overflow_alcove_4, slow_altar_1, uniq_robin

Skill      XL: |  1  2  3  4  5  6 |
---------------+-------------------+-----
Stealth        | 2 3 4 |  4.2
Short Blades   | 3 4 |  4.4
Dodging        | 3 4 |  4.4
Fighting       | 4 |  4.8

Action                   |  1- 3 |  4- 6 |  7- 9 || total
-------------------------+-------+-------+-------++-------
Melee: Short sword       |    37 |       |       ||    37
       Dagger            |    68 |   244 |    14 ||   326
       Punch             |     3 |     3 |       ||     6
  Use: Scroll            |       |    10 |     1 ||    11
 Stab: Sleeping          |     7 |     9 |     2 ||    18
       Distracted        |       |     2 |       ||     2
Armor: Robe              |     5 |       |       ||     5
       Leather armour    |     2 |    75 |     6 ||    83
Dodge: Dodged            |    52 |   154 |    15 ||   221

Table legend: (Time is in decaauts)
 A = Elapsed time spent in this place.
 B = Non-inter-level travel time spent in this place.
 C = Inter-level travel time spent in this place.
 D = Time resting spent in this place.
 E = Time spent auto-exploring this place.
 F = Levels seen in this place.
 G = Mean time per level.
                   A        B        C        D        E       F      G
               +--------+--------+--------+--------+--------+-----+--------+
         Total |   3997 |   3941 |     56 |      0 |   3130 |   4 |  999.2 |
       Dungeon |   3997 |   3941 |     56 |      0 |   3130 |   4 |  999.2 |
               +--------+--------+--------+--------+--------+-----+--------+

Top non-repeatable levels by time:
     D:1: 1331 daAuts
     D:2: 1030 daAuts
     D:3: 928 daAuts
     D:4: 707 daAuts
